 Dungeon Sprint DCSS version 0.23.2-11-gf996548c65 (webtiles) character file.

Game seed: 2035646028102081500

28541 wilfster70 the Sharpshooter (level 13, 0/122 HPs)
             Began as a Formicid Hunter on June 5, 2019.
             Was the Champion of Qazlal.
             Slain by a thorn hunter (8 damage)
             ... in the Dungeon (Sprint V: "Ziggurat Sprint").
             The game lasted 00:17:45 (1497 turns).

wilfster70 the Sharpshooter (Formicid Hunter)       Turns: 1497, Time: 00:17:46

Health: 0/122      AC: 29    Str: 28    XL:     13   Next: 74%
Magic:  11/25      EV:  2    Int: 17    God:    Qazlal [******]
Gold:   0          SH: 38    Dex: 11    Spells: 12/12 levels left

rFire    + + .     SeeInvis +   a - +9 heavy crossbow "Sniper" {velocity, Acc+∞ SInv}
rCold    + . .     Gourm    .   m - +18 shield of the Gong {rElec rN+ MR+ EV-5}
rNeg     + + +     Faith    .   B - +5 gold dragon scales
rPois    +         Spirit   .   (helmet unavailable)
rElec    +         Reflect  .   (no cloak)
rCorr    .         Harm     .   k - +1 pair of gloves {Str+3}
MR       ++...                  (no boots)
Stlth    ..........             j - amulet of regeneration
HPRegen  0.70/turn              G - +6 ring of strength
MPRegen  0.19/turn              L - ring "Pulawkit" {-Tele +Fly rF+ rN+++ Int+3 Stlth-}

@: afraid, grasped by roots, protected from physical damage, constricted,
studying Earth Magic, repel missiles
A: permanent stasis, dig shafts and tunnels, four strong arms, antennae 3,
blurry vision 1
a: Dig, Upheaval, Elemental Force, Disaster Area, Renounce Religion, Evoke
Flight


You were in the Dungeon.
You worshipped Qazlal.
Qazlal was exalted by your worship.
You were not hungry.

You visited 1 branch

Inventory:

Hand Weapons
 a - the +9 heavy crossbow "Sniper" (weapon) {velocity, Acc+∞ SInv}
   (You found it in the Dungeon)

   Any bolt fired from it inflicts extra damage.
   It lets you see invisible.
 b - the +6 arbalest "Damnation" {damnation}
   (You found it in the Dungeon)
 D - a +8 demon blade of freezing
Missiles
 d - 989 bolts (quivered)
Armour
 k - a +1 pair of gloves of strength (worn)
 m - the +18 shield of the Gong (worn) {rElec rN+ MR+ EV-5}
   (You found it in the Dungeon)

   It affects your evasion (-5).
   It insulates you from electricity.
   It protects you from negative energy.
   It affects your resistance to hostile enchantments.
 B - +5 gold dragon scales (worn)
Jewellery
 c - an uncursed ring of protection from fire
 h - an uncursed ring of magical power
 j - an amulet of regeneration (around neck)
 E - the amulet of the Wary Spreadsheets {Inacc rF+ Dex+4}
   (You found it in the Dungeon)

   [amulet of inaccuracy]

   It reduces the accuracy of all your attacks.
   It affects your dexterity (+4).
   It protects you from fire.
 G - a +6 ring of strength (left hand)
 L - the ring "Pulawkit" (right hand) {-Tele +Fly rF+ rN+++ Int+3 Stlth-}
   (You found it in the Dungeon)

   [ring of flight]

   It affects your intelligence (+3).
   It protects you from fire.
   It renders you almost immune to negative energy.
   It lets you fly.
   It prevents most forms of teleportation.
   It makes you less stealthy.
Wands
 y - a wand of disintegration (7)
 z - a wand of iceblast (7)
 A - a wand of acid (7)
Scrolls
 l - 4 scrolls of amnesia
 n - 7 scrolls of fog
 o - a scroll of holy word
 p - 5 scrolls of identify
 q - 5 scrolls of remove curse
 r - 2 scrolls of fear
Potions
 e - 8 potions of curing
 g - 10 potions of heal wounds
 i - 7 potions of magic
 s - 2 potions of brilliance
 t - 2 potions of invisibility
 u - 4 potions of resistance
 w - 5 potions of agility
 x - 5 potions of might
Books
 F - a manual of Earth Magic
Miscellaneous
 v - a box of beasts
 C - a lamp of fire
 K - 3 phantom mirrors
Comestibles
 f - 8 rations


   Skills:
 + Level 18.1 Fighting
 - Level 6.2 Long Blades
 * Level 18.2 Crossbows
 - Level 12.1 Armour
 - Level 10.0 Dodging
 - Level 1.2 Stealth
 - Level 9.0 Shields
 - Level 17.0 Invocations
 + Level 7.9 Evocations


You had 12 spell levels left.
You didn't know any spells.
Your spell library contained the following spells:

 Spells                   Type           Power        Failure   Level  Hunger
 Animate Skeleton         Necr           N/A          99%         1    ##.....
 Apportation              Tloc           #.....       99%         1    ##.....
 Beastly Appendage        Tmut           #.....       99%         1    ##.....
 Confusing Touch          Hex            #.....       99%         1    ##.....
 Corona                   Hex            #......      99%         1    ##.....
 Freeze                   Ice            #...         99%         1    ##.....
 Magic Dart               Conj           #...         99%         1    ##.....
 Sting                    Conj/Pois      #...         99%         1    ##.....
 Summon Small Mammal      Summ           #...         99%         1    ##.....
 Call Imp                 Summ           #.......     100%        2    ###....
 Corpse Rot               Necr           N/A          100%        2    ###....
 Ensorcelled Hibernation  Hex/Ice        #.....       100%        2    ###....
 Passwall                 Tmut/Erth      #.......     100%        2    ###....
 Poisonous Vapours        Pois/Air       #.....       100%        2    ###....
 Searing Ray              Conj           #.....       100%        2    ###....
 Shroud of Golubria       Chrm/Tloc      #.........   100%        2    ###....
 Slow                     Hex            #.......     100%        2    ###....
 Sticks to Snakes         Tmut           #.......     100%        2    ###....
 Sublimation of Blood     Necr           #.........   100%        2    ###....
 Throw Flame              Conj/Fire      #.....       100%        2    ###....
 Throw Frost              Conj/Ice       #.....       100%        2    ###....
 Conjure Flame            Conj/Fire      #.......     100%        3    ####...
 Dazzling Spray           Conj/Hex       #.....       100%        3    ####...
 Gell's Gravitas          Tloc           #.........   100%        3    ####...
 Inner Flame              Hex/Fire       #.......     100%        3    ####...
 Lesser Beckoning         Tloc           #.........   100%        3    ####...
 Mephitic Cloud           Conj/Pois/Air  #.......     100%        3    ####...
 Ozocubu's Armour         Chrm/Ice       #.......     100%        3    ####...
 Portal Projectile        Hex/Tloc       #.....       100%        3    ####...
 Spider Form              Tmut/Pois      #.........   100%        3    ####...
 Teleport Other           Tloc           #.......     100%        3    ####...
 Airstrike                Air            #.........   100%        4    #####..
 Cause Fear               Hex            #.........   100%        4    #####..
 Fulminant Prism          Conj/Hex       #.........   100%        4    #####..
 Ice Form                 Ice/Tmut       #.......     100%        4    #####..
 Leda's Liquefaction      Hex/Erth       #.........   100%        4    #####..
 Passage of Golubria      Tloc           N/A          100%        4    #####..
 Petrify                  Tmut/Erth      #.......     100%        4    #####..
 Summon Ice Beast         Ice/Summ       #.......     100%        4    #####..
 Summon Lightning Spire   Summ/Air       #.......     100%        4    #####..
 Throw Icicle             Conj/Ice       #.......     100%        4    #####..
 Agony                    Necr           #.......     100%        5    ######.
 Alistair's Intoxication  Tmut/Pois      #.......     100%        5    ######.
 Blade Hands              Tmut           #.........   100%        5    ######.
 Bolt of Draining         Conj/Necr      #.........   100%        5    ######.
 Bolt of Magma            Conj/Fire/Erth #.........   100%        5    ######.
 Dispel Undead            Necr           #.......     100%        5    ######.
 Excruciating Wounds      Chrm/Necr      #.........   100%        5    ######.
 Iskenderun's Battlesphe  Conj/Chrm      #.......     100%        5    ######.
 Lee's Rapid Deconstruct  Erth           #.........   100%        5    ######.
 Lightning Bolt           Conj/Air       #.........   100%        5    ######.
 Silence                  Hex/Air        #.........   100%        5    ######.
 Summon Mana Viper        Hex/Summ       #.......     100%        5    ######.
 Venom Bolt               Conj/Pois      #.........   100%        5    ######.
 Yara's Violent Unravell  Hex/Tmut       #.........   100%        5    ######.
 Bolt of Cold             Conj/Ice       #.........   100%        6    #######
 Conjure Ball Lightning   Conj/Air       #.........   100%        6    #######
 Deflect Missiles         Chrm/Air       #.........   100%        6    #######
 Ozocubu's Refrigeration  Ice            #.........   100%        6    #######
 Discord                  Hex            #.........   100%        8    #######
 Ignition                 Fire           #.........   100%        8    #######
 Tornado                  Air            #.........   100%        9    #######
 Blink                    Tloc           Unusable     N/A         2    N/A

Dungeon Overview and Level Annotations

Branches:
Dungeon (1/1)

Altars:
Ashenzari
Cheibriados
Dithmenos
Elyvilon
Fedhas
Gozag
Hepliaklqana
Kikubaaqudgha
Makhleb
Nemelex Xobeh
Okawaru
Qazlal
Ru
Sif Muna
Trog
Uskayaw
Vehumet
Wu Jian
Xom
Yredelemnul
Zin
The Shining One
Beogh
Jiyva
Lugonu


Innate Abilities, Weirdness & Mutations

You cannot be hasted, slowed, berserked, paralysed or teleported.
You can dig through walls and to a lower floor.
Your four strong arms can wield two-handed weapons with a shield.
You have a pair of large antennae on your head. (SInv)
Scrolls take you a little longer to read.


Message History

The thorn hunter hits you.
* * * LOW HITPOINT WARNING * * *
You feel more protected from physical attacks.
You block the thorn hunter's attack.
SHROANNG!
You block the anaconda's attack.
SHROANNG!
The spriggan air mage is engulfed in blazing flames.
The dire elephant tramples you.
* * * LOW HITPOINT WARNING * * *
You feel more protected from physical attacks.
You hold your ground!
The dire elephant completely misses you.
You block the spriggan berserker's attack.
PTOANNNG!
The anaconda bites you.
* * * LOW HITPOINT WARNING * * *
The thorn hunter is struck by lightning.
The thorn hunter hits you!
You die...

▓......(......▓........
▓.............▓..▓.....
.............▓.▓▓▓...▓
..Y..(..... ▓..▓.....
▓..c....▓ ▓.....©.. ▓.
▓▓iiif.▓▓ ▓▓▓▓▓▓▓▓▓
▓..▓§kii°..▓..▓....8©8.
▓....iSi......▓..}[)).[
▓...§f@Ys.....▓...|.})"
▓▓▓▓▓▓▓▓▓▓▓▓▓▓▓........
▓........


{{{{{{{{{{{ ▓........ {{{{{{{{{ ▓........ ▓..▓..... ▓.▓▓▓...▓ ▓..▓.....
▓.....©.. You could see 2 dire elephants, a thorn hunter, a shambling mangrove,
a satyr, an anaconda, a spriggan rider, a wind drake, a wolf spider, 3 spriggan
berserkers, 2 spriggan air magi and a spriggan.

Vanquished Creatures
  A greater mummy (D)
  An azure jelly (D)
  A draconian annihilator (D)
  A reaper (D)
  A white draconian (D)
  A death ooze (D)
  2 great orbs of eyes (D)
  A rakshasa (D)
  4 two-headed ogres (D)
  A death scarab (D)
  An iron golem (D)
  An unseen horror (D)
  2 glowing orange brains (D)
  A phantasmal warrior (D)
  5 draconians (D)
  A shining eye (D)
  2 rust devils (D)
  2 eyes of devastation (D)
  A tormentor (D)
  A komodo dragon (D)
  2 freezing wraiths (D)
  2 red devils (D)
  A troll (D)
  A hornet (D)
  A polar bear (D)
  5 slime creatures (D)
  2 flying skulls (D)
  2 wraiths (D)
  2 golden eyes (D)
  A basilisk (D)
  6 hell hounds (D)
  4 floating eyes (D)
  5 orc warriors (D)
  2 porcupines (D)
  A black bear (D)
  3 wolves (D)
  3 ogres (D)
  A bullfrog (D)
  A small abomination (D)
  2 wights (D)
  A quasit (D)
  4 jellies (D)
  2 orc priests (D)
  3 iron imps (D)
  An orc wizard (D)
  3 mummies (D)
  A shadow imp (D)
  4 white imps (D)
  An ufetubus (D)
  2 oozes (D)
  An adder skeleton (D)
  3 adder zombies (D)
  A bat simulacrum (D)
  2 bat skeletons (D)
  5 bat zombies (D)
  2 jackals (D)
  A ball python zombie (D)
  A giant cockroach zombie (D)
  A quokka skeleton (D)
  A butterfly (D)
118 creatures vanquished.

Vanquished Creatures (collateral kills)
  2 skeletal warriors (D)
  A rust devil (D)
  A red devil (D)
  A slime creature (D)
  An ice beast (D)
  A crimson imp (D)
  A jelly (D)
  A mummy (D)
  A shadow imp (D)
  An ooze (D)
  A leopard gecko zombie (D)
12 creatures vanquished.

Vanquished Creatures (others)
  A giant cockroach zombie (D)
1 creature vanquished.

Grand Total: 131 creatures vanquished

Notes
Turn   | Place    | Note
-------+----------+-------------------------------------------
     0 | D        | Found the +6 Majin-Bo {vamp, Archmagi MP+6 Int+6}
     0 | D        | Found the +7 great mace "Firestarter" {inner flame, rF++}
     0 | D        | wilfster70 the Formicid Hunter began the quest for the Orb.
     0 | D        | Reached XP level 1. HP: 16/16 MP: 1/1
     0 | D        | Found a deep blue altar of Sif Muna.
     0 | D        | Found a bloodstained altar of Trog.
     0 | D        | Found a sacrificial altar of Ru.
     0 | D        | Found a stormy altar of Qazlal.
     0 | D        | Found an iron altar of Okawaru.
     5 | D        | Found a blossoming altar of Fedhas.
     6 | D        | Found a viscous altar of Jiyva.
     6 | D        | Found a transporter.
     6 | D        | Found a hazy altar of Hepliaklqana.
     6 | D        | Found an ancient bone altar of Kikubaaqudgha.
     6 | D        | Found an opulent altar of Gozag.
     6 | D        | Found a corrupted altar of Lugonu.
     7 | D        | Found a burning altar of Makhleb.
     8 | D        | Found a sparkling altar of Nemelex Xobeh.
    14 | D        | Found the +9 heavy crossbow "Sniper" {velocity, Acc+∞ SInv}
    14 | D        | Found the +10 dark maul {crush}
    14 | D        | Found the +15 Maxwell's patent armour {-Cast -Tele rElec
                  | MR+ rCorr}
    14 | D        | Found the +18 shield of the Gong {rElec rN+ MR+ EV-5}
    14 | D        | Found the cursed +14 obsidian axe {chop, +Fly SInv *Curse}
    57 | D        | Became a worshipper of Qazlal Stormbringer
    94 | D        | Reached skill level 5 in Crossbows
    94 | D        | Reached XP level 2. HP: 25/25 MP: 1/4
   134 | D        | Entered arena 2.
   134 | D        | Noticed a black bear
   134 | D        | Noticed a wolf
   134 | D        | Found a transporter.
   136 | D        | Killed a wolf
   136 | D        | Reached skill level 5 in Fighting
   136 | D        | Reached skill level 5 in Shields
   136 | D        | Reached skill level 5 in Invocations
   136 | D        | Reached XP level 3. HP: 33/33 MP: 4/6
   136 | D        | Reached XP level 4. HP: 39/39 MP: 4/7
   138 | D        | Killed a black bear
   138 | D        | Reached skill level 5 in Armour
   138 | D        | Reached XP level 5. HP: 46/46 MP: 4/9
   179 | D        | Entered arena 3.
   179 | D        | Noticed a two-headed ogre
   179 | D        | Noticed an ogre
   179 | D        | Noticed an ogre
   179 | D        | Found a transporter.
   181 | D        | Killed a two-headed ogre
   181 | D        | Reached * piety under Qazlal
   181 | D        | Reached XP level 6. HP: 57/57 MP: 9/12
   181 | D        | Reached XP level 7. HP: 63/63 MP: 9/13
   181 | D        | Reached XP level 8. HP: 69/69 MP: 9/14
   207 | D        | Entered arena 4.
   207 | D        | Noticed a polar bear
   207 | D        | Found a transporter.
   208 | D        | Reached ** piety under Qazlal
   211 | D        | Killed a polar bear
   227 | D        | Got the Handbook of Envenoming and Transmutation
   229 | D        | Got the ring "Pulawkit" {-Tele +Fly rF+ rN+++ Int+3 Stlth-}
   309 | D        | Entered arena 5.
   309 | D        | Found a transporter.
   310 | D        | Reached *** piety under Qazlal
   311 | D        | Reached skill level 10 in Invocations
   311 | D        | Reached XP level 9. HP: 78/78 MP: 16/16
   326 | D        | Entered arena 6.
   326 | D        | Noticed a two-headed ogre
   326 | D        | Noticed a two-headed ogre
   326 | D        | Noticed a two-headed ogre
   326 | D        | Noticed a troll
   326 | D        | Found a transporter.
   327 | D        | Found the cursed necklace of Bloodlust {*Rage +Rage MR++
                  | Int-3 Slay+6 *Curse}
   328 | D        | Killed a two-headed ogre
   328 | D        | Reached **** piety under Qazlal
   328 | D        | Reached skill level 10 in Fighting
   328 | D        | Reached skill level 10 in Crossbows
   328 | D        | Reached skill level 10 in Armour
   329 | D        | Killed a two-headed ogre
   331 | D        | Killed a two-headed ogre
   331 | D        | Reached XP level 10. HP: 54/89 MP: 17/19
   334 | D        | Reached ***** piety under Qazlal
   476 | D        | Entered arena 7.
   484 | D        | Found a transporter.
   497 | D        | Entered arena 8.
   497 | D        | Noticed a draconian
   497 | D        | Noticed a draconian
   497 | D        | Noticed a draconian
   497 | D        | Noticed a white draconian
   497 | D        | Noticed a draconian
   497 | D        | Noticed a draconian
   501 | D        | Killed a draconian
   502 | D        | Killed a white draconian
   505 | D        | Killed a draconian
   505 | D        | Reached ****** piety under Qazlal
   505 | D        | Reached XP level 11. HP: 96/98 MP: 21/21
   508 | D        | Killed a draconian
   510 | D        | Killed a draconian
   510 | D        | Reached skill level 5 in Dodging
   513 | D        | Killed a draconian
   516 | D        | Found a transporter.
   546 | D        | Got Sif Muna's Compendium of Congealing Arcane Weapons
   548 | D        | Entered arena 9.
   548 | D        | Noticed a greater mummy
   548 | D        | Noticed a death scarab
   549 | D        | Found the +3 giant club "Skullcrusher" {speed, Str+7}
   550 | D        | Killed a death scarab
   554 | D        | Noticed a death scarab
   554 | D        | Noticed a death scarab
   554 | D        | Noticed a death scarab
   554 | D        | Noticed a death scarab
   557 | D        | Killed a greater mummy
   557 | D        | Reached skill level 15 in Fighting
   557 | D        | Reached XP level 12. HP: 46/109 MP: 15/24
   559 | D        | Found a transporter.
   647 | D        | Entered arena 10.
   660 | D        | Found a transporter.
   678 | D        | Got the Guide on Entrancing Battle Magic
   684 | D        | Got the Disquisition on Shape Shifting
   774 | D        | Entered arena 11.
   785 | D        | Found a transporter.
   803 | D        | Got the Tome of Earth and the Glacier
   812 | D        | Got the ring of Ukkosh {rN+ SInv}
   817 | D        | Entered arena 12.
   817 | D        | Noticed an unseen horror
   817 | D        | Noticed a rakshasa
   818 | D        | Killed an unseen horror
   818 | D        | Noticed a yellow draconian annihilator
   832 | D        | Killed a rakshasa
   834 | D        | Killed a yellow draconian annihilator
   834 | D        | Reached skill level 15 in Crossbows
   839 | D        | Found a transporter.
   964 | D        | Got the Guide on Fiery Necromancy
   967 | D        | Entered arena 13.
   967 | D        | Identified the cursed +1 whip "Moteogei" {protect, SInv}
   971 | D        | Reached skill level 10 in Dodging
   992 | D        | Found a transporter.
   999 | D        | Got the Almanac of the Hurtful Oath
  1124 | D        | Entered arena 14.
  1125 | D        | Noticed a great orb of eyes
  1128 | D        | Reached skill level 1 in Long Blades
  1129 | D        | Gained mutation: Scrolls take you a little longer to read.
                  | [a shining eye]
  1134 | D        | Killed a great orb of eyes
  1138 | D        | Found a transporter.
  1196 | D        | Entered arena 15.
  1196 | D        | Noticed a great orb of eyes
  1197 | D        | Noticed a glowing orange brain
  1197 | D        | Noticed a glowing orange brain
  1197 | D        | Noticed a death ooze
  1199 | D        | Noticed an azure jelly
  1201 | D        | Reached XP level 13. HP: 119/119 MP: 25/25
  1201 | D        | Reached skill level 1 in Evocations
  1201 | D        | Killed a death ooze
  1201 | D        | Reached skill level 5 in Long Blades
  1203 | D        | Killed a great orb of eyes
  1204 | D        | Killed an azure jelly
  1206 | D        | Reached skill level 5 in Evocations
  1208 | D        | Found the +6 arbalest "Damnation" {damnation}
  1209 | D        | Found a transporter.
  1237 | D        | Got the Tome of Air
  1245 | D        | Entered arena 16.
  1245 | D        | Noticed a reaper
  1247 | D        | Identified the amulet of Ascent {+Rage rPois}
  1252 | D        | Killed a reaper
  1267 | D        | Found a transporter.
  1273 | D        | Got the amulet of the Wary Spreadsheets {Inacc rF+ Dex+4}
  1330 | D        | Entered arena 17.
  1367 | D        | Found a transporter.
  1488 | D        | Entered arena 18.
  1490 | D        | Noticed a dire elephant
  1490 | D        | Noticed a spriggan air mage
  1490 | D        | Noticed a shambling mangrove
  1491 | D        | Noticed an anaconda
  1491 | D        | Noticed a thorn hunter
  1491 | D        | Noticed a spriggan air mage
  1492 | D        | Identified the cursed +0 plate armour "Mynn" {rElec}
  1495 | D        | Noticed a dire elephant
  1497 | D        | Slain by a thorn hunter

Skill      XL: |  1  2  3  4  5  6  7  8  9 10 11 12 13 |
---------------+----------------------------------------+-----
Fighting       | 4 5 6 8 9 11 13 15 16 18 | 18.1
Crossbows      | 5 6 8 9 11 12 14 15 18 | 18.2
Armour         | 3 4 5 8 9 11 12 | 12.1
Shields        | 3 5 6 9 |  9.0
Invocations    | 3 5 6 9 10 12 13 16 17 | 17.0
Dodging        | 4 8 10 | 10.0
Long Blades    | 4 6 |  6.2
Evocations     | 7 |  7.9
Stealth        | |  1.2

Action                   |  1- 3 |  4- 6 |  7- 9 | 10-12 | 13-15 || total
-------------------------+-------+-------+-------+-------+-------++-------
 Fire: Heavy crossbow    |     2 |     4 |    17 |    88 |    29 ||   140
       Arbalest          |       |       |       |       |     5 ||     5
Invok: Disaster Area     |       |       |       |     2 |     3 ||     5
       Elemental Force   |       |       |       |     3 |     2 ||     5
  Use: Potion            |     1 |       |       |     2 |       ||     3
       Scroll            |       |       |       |     5 |       ||     5
  Eat: Ration            |       |       |       |       |     1 ||     1
Armor: Gold dragon scale |     3 |     4 |    24 |    95 |    35 ||   161
Dodge: Dodged            |       |     1 |     2 |    18 |    17 ||    38
Block: Shield            |     4 |     7 |    40 |   209 |    86 ||   346
